AoeStats
← reeree

Black Forest

510508447Analyzed
2v2 RM · 13h ago on Oct 1, 2026· 36m 16s· 4 players
Game mode
Random Map
Map size
Medium (4 player)
Population
200
Speed
Normal
Resources
Standard
Victory
Conquest
Starting age
Dark Age
Ending age
Imperial Age
RankedLock teamsTeams togetherTeam positionsShared explorationLock speedFull tech treeHidden civsTurbo modeCheats
Victory
Defeat
🇪🇸 Franks · Spain
1197
+15
🇭🇰 Danes · Hong Kong SAR China
1143
+17
🇦🇺 Khmer · Australia
1169
-16
🇦🇺 Magyars · Australia
1167
-16
Dragerwoods
0:44 Loom
11:28 Feudal Age
12:52 Double-Bit Axe
16:04 Castle Age
13:49 Horse Collar
16:07 Wheelbarrow
15:45 Gold Mining
17:27 Bow Saw
17:23 Heavy Plow
25:08 Forging
25:23 Stone Mining
28:23 Imperial Age
26:48 Hand Cart
26:51 Pikeman
27:33 Squires
28:11 Iron Casting
27:37 Scale Mail Armor
28:41 Gold Shaft Mining
28:02 Fletching
29:02 Town Watch
29:34 Careening
29:45 Careening
29:57 Ballistics
29:02 Halberdier
29:28 Arson
29:28 Gambesons
35:20 Town Patrol
mingenbauer
12:17 Feudal Age
17:16 Castle Age
16:25 Double-Bit Axe
18:26 Husbandry
25:18 Forging
30:10 Imperial Age
28:46 Wheelbarrow
28:55 Scale Barding Armor
29:21 Gold Mining
29:43 Bow Saw
29:03 Elite Skirmisher
29:37 Fletching
30:12 Padded Archer Armor
30:26 Pikeman
31:11 Scale Mail Armor
31:16 Cavalier
33:22 Chemistry
33:47 Iron Casting
33:33 Chain Barding Armor
34:27 Ballistics
34:24 Leather Archer Armor
34:05 Bodkin Arrow
37:33 Blast Furnace
mc394
11:40 Feudal Age
16:42 Castle Age
14:48 Double-Bit Axe
20:57 Bow Saw
20:44 Gold Mining
21:47 Wheelbarrow
21:38 Stone Mining
24:00 Bloodlines
26:13 Tusk Swords
26:30 Husbandry
27:36 Town Watch
28:06 Scale Barding Armor
28:13 Forging
29:17 Chain Barding Armor
31:34 Iron Casting
31:43 Light Cavalry
37:47 Imperial Age
reeree
0:29 Loom
12:59 Feudal Age
14:05 Double-Bit Axe
20:11 Castle Age
18:45 Horse Collar
19:45 Gold Mining
20:26 Stone Mining
26:02 Fletching
27:44 Wheelbarrow
27:46 Heavy Plow
30:30 Bow Saw
33:35 Imperial Age
31:31 Scale Barding Armor
32:12 Gold Shaft Mining
32:24 Hand Cart
32:34 Corvinian Army
33:06 Chain Barding Armor
33:50 Ballistics
33:42 Masonry
33:29 Bodkin Arrow
33:36 Padded Archer Armor
35:19 Plate Barding Armor
35:32 Bloodlines
Connection lost

Rejoining the realm…

Still unreachable

The connection could not be restored.

Session expired

The server has moved on; the page needs a fresh start.